AoeStats
← ogipochi_

Hill Fort

504109598Analyzed
3v3 RM · 1mo ago on Sep 3, 2026· 84m 59s· 6 players
Game mode
Random Map
Map size
Normal (6 player)
Population
200
Speed
Normal
Resources
Standard
Victory
Conquest
Starting age
Dark Age
Ending age
Imperial Age
RankedLock teamsTeams togetherTeam positionsShared explorationLock speedFull tech treeHidden civsTurbo modeCheats
Victory
Defeat
🇻🇪 Teutons · Venezuela
865
+19
🇯🇵 Spanish · Japan
862
+19
🇲🇽 Wei · Mexico
817
+21
🇲🇽 Inca · Mexico
939
-20
🇲🇽 Spanish · Mexico
929
-20
🇲🇽 Poles · Mexico
912
-19
ogipochi_
8:16 Loom
11:37 Feudal Age
9:58 Loom
12:11 Double-Bit Axe
12:10 Horse Collar
12:22 Stone Mining
12:40 Gold Mining
16:58 Wheelbarrow
18:58 Castle Age
18:18 Scale Barding Armor
20:31 Stone Shaft Mining
21:48 Wheelbarrow
20:58 Town Watch
21:38 Bloodlines
21:30 Husbandry
30:40 Padded Archer Armor
31:07 Chain Barding Armor
31:28 Heavy Plow
33:36 Padded Archer Armor
37:19 Imperial Age
35:14 Caravan
36:01 Leather Archer Armor
36:58 Ballistics
36:22 Light Cavalry
37:17 Forging
37:51 Hand Cart
38:27 Conscription
38:41 Elite Conquistador
40:49 Chemistry
40:43 Ring Archer Armor
51:47 Supremacy
84:29 Hussar
LV Chris R7
1:28 Loom
10:29 Feudal Age
13:12 Double-Bit Axe
13:12 Horse Collar
18:16 Castle Age
18:00 Stone Mining
18:02 Gold Mining
20:07 Wheelbarrow
28:47 Hand Cart
28:43 Husbandry
31:46 Imperial Age
33:26 Scale Barding Armor
33:08 Heavy Hei Guang Cavalry
35:12 Caravan
37:36 Ming Guang Armor
37:27 Bloodlines
40:10 Chain Barding Armor
40:50 Tuntian
42:23 Squires
42:09 Arson
41:44 Pikeman
42:27 Halberdier
43:43 Forging
43:35 Scale Mail Armor
51:02 Iron Casting
50:42 Chain Mail Armor
51:29 Heavy Plow
51:49 Bow Saw
54:28 Man-at-Arms
56:54 Long Swordsman
61:26 Two-Handed Swordsman
64:39 Fletching
64:49 Padded Archer Armor
65:50 Blast Furnace
64:51 Elite Skirmisher
65:37 Thumb Ring
67:08 Chemistry
66:28 Ballistics
66:02 Crossbowman
67:08 Parthian Tactics
66:58 Bodkin Arrow
75:06 Bracer
75:22 Leather Archer Armor
80:27 Elite Tiger Cavalry
Dryzar
6:28 Loom
10:14 Feudal Age
10:35 Horse Collar
10:43 Double-Bit Axe
12:14 Wheelbarrow
23:04 Castle Age
23:51 Fletching
23:49 Town Watch
24:55 Town Patrol
24:54 Bodkin Arrow
25:40 Forging
25:33 Scale Mail Armor
27:13 Gold Mining
31:19 Hand Cart
31:08 Heavy Plow
31:16 Padded Archer Armor
30:38 Elite Skirmisher
33:37 Stone Mining
36:19 Imperial Age
34:09 Leather Archer Armor
34:05 Squires
34:56 Caravan
34:28 Pikeman
39:28 Elite Teutonic Knight
40:29 Ironclad
40:30 Conscription
40:11 Halberdier
40:32 Capped Ram
44:59 Onager
47:30 Chain Mail Armor
47:51 Iron Casting
50:42 Hoardings
60:27 Man-at-Arms
60:52 Gambesons
61:18 Long Swordsman
61:48 Arson
63:06 Blast Furnace
62:37 Plate Mail Armor
62:16 Siege Engineers
63:13 Chemistry
62:34 Ballistics
63:03 Two-Handed Swordsman
64:31 Champion
79:22 Crossbowman
Creizyllama
9:14 Feudal Age
9:41 Horse Collar
10:08 Double-Bit Axe
12:57 Wheelbarrow
16:28 Gold Mining
17:20 Stone Mining
18:14 Loom
21:06 Town Watch
21:32 Arson
25:47 Castle Age
24:58 Bloodlines
26:33 Heavy Plow
26:50 Bow Saw
26:47 Husbandry
27:43 Stone Shaft Mining
26:46 Light Cavalry
30:33 Szlachta Privileges
33:02 Imperial Age
31:18 Forging
31:14 Scale Barding Armor
32:45 Iron Casting
32:12 Scale Mail Armor
32:04 Fletching
32:32 Hand Cart
35:00 Crop Rotation
35:40 Blast Furnace
39:08 Conscription
38:13 Cavalier
39:53 Town Patrol
41:24 Chain Barding Armor
41:20 Chain Mail Armor
41:01 Bodkin Arrow
45:20 Squires
50:12 Lechitic Legacy
50:26 Plate Mail Armor
49:56 Bracer
52:08 Elite Obuch
52:15 Winged Hussar
57:16 Chemistry
56:37 Ballistics
56:12 Murder Holes
56:23 Siege Engineers
65:31 Treadmill Crane
66:01 Masonry
mariusly1
9:56 Loom
11:48 Feudal Age
13:32 Double-Bit Axe
15:07 Horse Collar
21:07 Castle Age
23:36 Bow Saw
23:30 Heavy Plow
24:19 Gold Mining
30:05 Imperial Age
31:11 Conscription
32:08 Chemistry
33:56 Elite Conquistador
35:00 Scale Barding Armor
35:14 Husbandry
35:25 Bloodlines
36:17 Wheelbarrow
36:22 Stone Mining
36:38 Pikeman
38:06 Chain Barding Armor
37:48 Scale Mail Armor
37:59 Forging
40:06 Halberdier
42:33 Plate Barding Armor
42:14 Chain Mail Armor
42:34 Iron Casting
42:07 Squires
44:37 Hand Cart
44:33 Town Watch
46:10 Two-Man Saw
52:41 Blast Furnace
52:12 Plate Mail Armor
52:43 Town Patrol
53:22 Stone Shaft Mining
54:56 Fletching
65:11 Ballistics
64:47 Murder Holes
65:39 Padded Archer Armor
65:34 Bodkin Arrow
76:48 Hoardings
Gazpacho
4:33 Loom
10:28 Feudal Age
11:01 Double-Bit Axe
11:57 Horse Collar
19:17 Wheelbarrow
22:23 Castle Age
21:54 Fletching
23:31 Bow Saw
25:29 Treadmill Crane
27:23 Crossbowman
29:48 Thumb Ring
34:22 Hand Cart
37:40 Imperial Age
35:19 Stone Mining
35:22 Gold Mining
35:52 Heavy Plow
36:38 Forging
38:21 Bodkin Arrow
37:59 Arbalester
39:33 Ballistics
39:05 Town Watch
39:34 Pikeman
40:16 Squires
41:13 Conscription
43:06 Bracer
45:01 Halberdier
45:43 Scale Mail Armor
46:19 Iron Casting
45:27 Elite Kamayuk
48:34 Crop Rotation
55:56 Blast Furnace
56:01 Town Patrol
57:03 Chemistry
57:02 Chain Mail Armor
59:11 Padded Archer Armor
60:49 Gold Shaft Mining
60:53 Stone Shaft Mining
62:14 Fabric Shields
62:18 Andean Sling
64:25 Heavy Scorpion
68:34 Plate Mail Armor
68:20 Leather Archer Armor
Connection lost

Rejoining the realm…

Still unreachable

The connection could not be restored.

Session expired

The server has moved on; the page needs a fresh start.